 Dungeon Crawl Stone Soup version 0.26-a0-980-g0fe3eaa9ac (webtiles) character file.

Game seed: 3089315795577504576

28 siradein the Caller (level 2, -3/19 HPs)
             Began as a Vampire Summoner on Dec 5, 2020.
             Killed from afar by Jessica (9 damage)
             ... with a puff of flame
             ... on level 2 of the Dungeon.
             The game lasted 00:05:48 (1694 turns).

siradein the Caller (Vampire Summoner)              Turns: 1694, Time: 00:05:49

Health: -3/19      AC:  2    Str:  7    XL:     2   Next: 96%
Magic:  0/5        EV: 12    Int: 17    God:
Gold:   47         SH:  0    Dex: 14    Spells: 2/5 levels left

rFire    . . .     SeeInvis +   (no weapon)
rCold    . . .     Faith    .   (no shield)
rNeg     . . .     Spirit   .   a - +0 robe
rPois    .         Reflect  .   (no helmet)
rElec    .         Harm     .   (no cloak)
rCorr    .         Rampage  .   (no gloves)
MR       .....                  (no boots)
Stlth    ++........             (no amulet)
HPRegen  0.26/turn              (no ring)
MPRegen  0.09/turn              (no ring)

@: regenerating quickly
A: fangs 3, see invisible, unbreathing
a: Exsanguinate


You were on level 2 of the Dungeon.
You visited 1 branch of the dungeon, and saw 2 of its levels.

You collected 47 gold pieces.

Inventory:

Armour
 a - a +0 robe (worn)
Scrolls
 b - a scroll of identify {unknown}
 f - 2 scrolls of remove curse {unknown}
Potions
 c - a potion of ambrosia {unknown}
 d - a potion of berserk rage {unknown}
 e - a potion of invisibility {unknown}
 g - a potion of flight {unknown}


   Skills:
 - Level 2.1 Dodging
 - Level 3.0 Stealth
 - Level 2.0 Spellcasting
 + Level 5.0 Summonings


You had 2 spell levels left.
You knew the following spells:

 Your Spells              Type           Power        Failure   Level
a - Summon Small Mammal   Summ           ###.         2%          1
b - Call Imp              Summ           ###.....     3%          2

Your spell library contained the following spells:

 Spells                   Type           Power        Failure   Level
 Call Canine Familiar     Summ           ###.....     8%          3
 Summon Guardian Golem    Hex/Summ       ##......     21%         3
 Summon Ice Beast         Ice/Summ       ##......     56%         4
 Summon Lightning Spire   Summ/Air       ##......     56%         4


Dungeon Overview and Level Annotations

Branches:
Dungeon (2/15)

Altars:

Annotations:
D:2 Jessica, Sigmund


Innate Abilities, Weirdness & Mutations

Your natural rate of healing is unusually fast.
You have razor-sharp teeth.
You have supernaturally acute eyesight. (SInv)
You can survive without breathing.


Message History

Jessica hits you with a +0 club.
* * * LOW HITPOINT WARNING * * *
Your shadow imp closely misses Jessica.
Jessica mumbles some strange words.
Jessica blinks!
Casting: Call Imp (safe; 3% risk of failure)
Confirm with . or Enter, or press ? or * to list all spells.
What are your orders? t - Shout!
Orders for allies: a - Attack new target. r - Retreat! s - Stop attacking. g - Guard the area. f - Follow me.
Anything else - Cancel.
Gang up on whom?
Press: ? - help, Dir - move target, f - Jessica
Aim: Jessica, wielding a +0 club, wearing a +2 robe of fire resistance and carrying a wand of flame (13) Attack!
Your shadow imp barely misses Jessica.
Your crimson imp blinks!
Jessica zaps a wand.
The puff of flame hits you!
You die...

######.#####.....##
.......5..........#
###.##.###....ยง...#
...........#.#@...###
.....>#.....5......#
##.##.##..###<###.##
#........# #.# #.#
.###.......####.###.#
.. #.........##.@r..#
.. #.###.#...##.#####
. . #.######.#
##.#####.# #.#
.........# #.#
#...##...# ###
#........# #.#.##...#
....##...#


You could see Jessica, a friendly shadow imp (summoned) and a friendly quokka
(summoned).

Vanquished Creatures (collateral kills)
  A gnoll (D:1)
  An ooze (D:1)
  2 dart slugs
  A leopard gecko (D:2)
  2 giant cockroaches (D:1)
  3 goblins
  3 hobgoblins
  A bat (D:2)
  4 frilled lizards
  3 kobolds
  6 rats
27 creatures vanquished.

Notes
Turn   | Place    | Note
-------+----------+-------------------------------------------
     0 | D:1      | siradein the Vampire Summoner began the quest for the Orb.
     0 | D:1      | Reached XP level 1. HP: 13/13 MP: 3/3
   355 | D:1      | Reached XP level 2. HP: 19/19 MP: 0/5
  1078 | D:1      | Learned a level 2 spell: Call Imp
  1262 | D:2      | Reached skill level 5 in Summonings
  1323 | D:2      | Noticed Sigmund
  1577 | D:2      | Noticed Jessica
  1694 | D:2      | Killed from afar by Jessica

Illustrated notes

Levels and vault maps discovered:
D:1:      psy_arrival_terrarium, layout_loops_ring, chequers_arboretum
D:2:      layout_basic, minmay_tall_x, uniq_terence, uniq_jessica, uniq_sigmund

Skill      XL: |  1  2 |
---------------+-------+-----
Summonings     | 5 |  5.0
Dodging        | |  2.1
Stealth        | |  3.0
Spellcasting   | |  2.0

Action                   || total
-------------------------++-------
 Cast: Summon Small Mamm ||    51
       Call Imp          ||    14
Dodge: Dodged            ||     8

Table legend: (Time is in decaauts)
 A = Elapsed time spent in this place.
 B = Non-inter-level travel time spent in this place.
 C = Inter-level travel time spent in this place.
 D = Time resting spent in this place.
 E = Time spent auto-exploring this place.
 F = Levels seen in this place.
 G = Mean time per level.
                   A        B        C        D        E       F      G
               +--------+--------+--------+--------+--------+-----+--------+
         Total |   1696 |   1645 |     51 |      0 |   1093 |   2 |  848.0 |
       Dungeon |   1696 |   1645 |     51 |      0 |   1093 |   2 |  848.0 |
               +--------+--------+--------+--------+--------+-----+--------+

Top non-repeatable levels by time:
     D:1: 1371 daAuts
     D:2: 325 daAuts
